 Dungeon Sprint DCSS version 0.31-a0-876-gfe8ebadbca (webtiles) character file.

Game seed: 16503028524802695073

1005 rocky1 the Carver (level 8, 0/62 HPs)
             Began as a Djinni Gladiator on Oct 14, 2023.
             Was an Initiate of Gozag.
             Slain by a polar bear (19 damage)
             ... in the Dungeon (Sprint II: "The Violet Keep of Menkaure").
             The game lasted 00:04:03 (727 turns).

rocky1 the Carver (Djinni Gladiator)                 Turns: 727, Time: 00:04:05

Health: 0/62       AC: 11    Str: 13    XL:     8   Next: 44%
Gold:   100        EV: 10    Int: 10    God:    Gozag SH:  0 Dex: 17

rFire   + + .        a - +0 long sword
rCold   x . .        (no shield)
rNeg    . . .        o - +1 chain mail {rPois}
rPois   ∞            c - +0 helmet
rElec   .            n - scarf {+Inv}
rCorr   .            (no gloves)
SInv    .            (boots unavailable)
Will    .....        (no amulet) Stlth
                     (no ring)
HPRegen 0.30/turn    (no ring)
MPRegen 0.00/turn

%: no teleportation, infuse magic (-1 HP)
@: flying
A: sickness immunity, fire resistance 2, cold vulnerability 1, float, innate
caster, HP casting, extra vitality 1
a: Renounce Religion, Evoke Invisibility, Potion Petition, Call Merchant, Bribe
Branch


You were in the Dungeon.
You worshipped Gozag.
Gozag was aware of your devotion.
You visited 1 branch You collected 1386 gold pieces.
You spent 1286 gold pieces at shops.

Inventory:

Hand Weapons
 a - a +0 long sword (weapon)
Missiles
 d - 3 throwing nets (quivered)
 e - a javelin
Armour
 c - a +0 helmet (worn)
 n - a scarf of invisibility (worn)
 o - a +1 chain mail of poison resistance (worn)
Scrolls
 j - a scroll of blinking
Potions
 f - 2 potions of curing
 g - 2 potions of invisibility
 h - 3 potions of heal wounds
 i - 3 potions of haste
 k - a potion of might
 l - a potion of berserk rage


   Skills:
 + Level 6.5 Fighting
 * Level 12.6 Long Blades
 - Level 2.3 Throwing
 + Level 3.5 Armour
 + Level 9.5 Dodging
 + Level 1.1 Stealth


You knew the following spells:

 Your Spells              Type           Power      Damage    Failure   Level
a - Necrotise             Necr           0%         1d4       100%        1
b - Passwall              Tmut/Erth      0%         N/A       100%        2
c - Stone Arrow           Conj/Erth      0%         3d7       100%        3
Your spell library was empty.


Dungeon Overview and Level Annotations

Branches:
Dungeon (1/1)

Altars:
Cheibriados
Dithmenos
Elyvilon
Fedhas
Gozag
Hepliaklqana
Makhleb
Nemelex Xobeh
Okawaru
Qazlal
Ru
Trog
Uskayaw
Wu Jian
Xom
Yredelemnul
Zin
The Shining One
Jiyva
Lugonu

Shops:
D :!(?[(===[[![:!

Annotations:
D exclusions: oklob plant and orange crystal statue, Roxanne


Innate Abilities, Weirdness & Mutations

You are immune to sickness and miasma.
You are immune to poison.
Your flesh is very heat resistant. (rF++)
You are vulnerable to cold. (rC-)
You float through the air rather than walking.
You learn spells naturally, not from books.
Your magical power is your life essence.
You have superior vitality. (+4 MHP)


Message History

The polar bear bites you but does no damage.
The polar bear claws you but does no damage.
The polar bear closely misses you.
You closely miss the polar bear.
The polar bear is heavily wounded.
The yaktaur is engulfed in a cloud of scalding steam.
The polar bear closely misses you. The polar bear claws you.
The polar bear misses you.
You hit the polar bear.
You punch the polar bear, but do no damage.
The polar bear is severely wounded.
The polar bear is engulfed in a cloud of scalding steam.
The yaktaur is engulfed in a cloud of scalding steam.
The polar bear bites you! The polar bear barely misses you. x2
You are too injured to fight recklessly!
You are too injured to fight recklessly!
Unknown command.
You hit the polar bear.
The polar bear is severely wounded.
The yaktaur is engulfed in a cloud of scalding steam.
You closely miss the polar bear.
The polar bear is severely wounded.
The hornet is engulfed in a cloud of scalding steam.
The polar bear is engulfed in a cloud of scalding steam.
The polar bear goes berserk!
You hit the polar bear but do no damage.
The polar bear is severely wounded.
The polar bear is engulfed in a cloud of scalding steam.
The polar bear bites you! The polar bear barely misses you.
The polar bear claws you.
The yaktaur is engulfed in a cloud of scalding steam.
You hit the polar bear but do no damage.
The polar bear is almost dead.
The polar bear closely misses you.
The polar bear claws you but does no damage.
The polar bear completely misses you.
The yaktaur is engulfed in a cloud of scalding steam.
The polar bear bites you!!
You die...
Your body crumbles into a pile of gold.

.##.###..#....###...##▓▓▓▓▓▓▓+▓
###'###.##......~~~~~~~~~~~~~..
##.#.####~~..§..~#'########+###
#..#..#~~~~~~~§.~#....._._#S~~#
##...##~§§§§~~~.~#...._._.#S~§§
~##+##~~§§≈§§~~~y#..._._._#~§~~
~~~~~~~~§§≈§§≈~ch#.._._._.#~~~§
+++#+++#~≈≈≈§≈§§h#._._._._#~~§~
...~. ##≈§≈###§@#h._._._.#~~§§
~~~~~§.~##≈≈#}#§≈#._._._..#~~≈≈
§~~8~.~~.+≈≈#'#≈≈#.._._._.#§≈≈≈
§~~~~§..##≈≈≈≈≈≈≈#######
.§~.~..###########S~~~~~
###+####≈≈≈≈≈§≈###~#####
#§§≈§≈≈≈§≈##~# +§≈§≈§8§§§§≈+~#
##≈§§§§≈§§≈####


You could see an orange crystal statue, 3 polar bears, a yaktaur, a hornet and a
water moccasin.

Vanquished Creatures
  2 wyverns (D)
  2 water moccasins (D)
  4 necrophages (D)
  4 scorpions (D)
  A hell rat (D)
13 creatures vanquished.

Vanquished Creatures (others)
  Menkaure (D)
1 creature vanquished.

Grand Total: 14 creatures vanquished

Notes
Turn   | Place    | Note
-------+----------+-------------------------------------------
     0 | D        | rocky1 the Djinni Gladiator began the quest for the Orb.
     0 | D        | Reached XP level 1. HP: 18/18 MP: 0/0
     1 | D        | Noticed a scorpion
     1 | D        | Noticed a scorpion
    13 | D        | Killed a scorpion
    14 | D        | Reached skill level 5 in Long Blades
    14 | D        | Reached skill level 5 in Dodging
    14 | D        | Reached XP level 2. HP: 19/25 MP: 0/0
    14 | D        | Reached XP level 3. HP: 23/30 MP: 0/0
    14 | D        | Learned a level 1 spell: Necrotise
    14 | D        | Reached XP level 4. HP: 26/35 MP: 0/0
    29 | D        | Killed a scorpion
    30 | D        | Reached skill level 6 in Long Blades
    30 | D        | Reached XP level 5. HP: 17/41 MP: 0/0
    30 | D        | Learned a level 2 spell: Passwall
    41 | D        | Reached skill level 7 in Long Blades
    48 | D        | HP: 1/41 [scorpion (4)]
    52 | D        | Reached skill level 8 in Long Blades
    52 | D        | Reached skill level 1 in Armour
    52 | D        | Reached XP level 6. HP: 23/48 MP: 0/0
    58 | D        | Noticed Menkaure
    60 | D        | Killed Menkaure
    61 | D        | Found a snail-covered altar of Cheibriados.
    61 | D        | Found a hazy altar of Hepliaklqana.
    62 | D        | Found a shadowy altar of Dithmenos.
    62 | D        | Found a viscous altar of Jiyva.
    62 | D        | Found a stormy altar of Qazlal.
    63 | D        | Found a white marble altar of Elyvilon.
    63 | D        | Found a sacrificial altar of Ru.
    64 | D        | Found a blossoming altar of Fedhas.
    64 | D        | Found a corrupted altar of Lugonu.
    64 | D        | Found an ornate altar of the Wu Jian Council.
    65 | D        | Found an opulent altar of Gozag.
    65 | D        | Found a burning altar of Makhleb.
    65 | D        | Found a bloodstained altar of Trog.
    65 | D        | Found a shimmering altar of Xom.
    67 | D        | Found a sparkling altar of Nemelex Xobeh.
    67 | D        | Found a hide-covered altar of Uskayaw.
    68 | D        | Found a basalt altar of Yredelemnul.
    69 | D        | Found an iron altar of Okawaru.
    69 | D        | Found a glowing silver altar of Zin.
    70 | D        | Found a glowing golden altar of the Shining One.
    72 | D        | Noticed a water moccasin
    72 | D        | Noticed a water moccasin
    73 | D        | Noticed a water moccasin
    75 | D        | Became a worshipper of Gozag Ym Sagoz the Greedy
    87 | D        | Killed a water moccasin
    88 | D        | Reached skill level 9 in Long Blades
   197 | D        | Noticed an orange crystal statue
   221 | D        | Noticed Roxanne
   226 | D        | Found Zocam's Book Emporium.
   228 | D        | Found Isanelown's Distillery.
   230 | D        | Found Hiciofu's Jewellery Emporium.
   230 | D        | Found Meuv's Jewellery Shoppe.
   231 | D        | Found Ruilinge's Weapon Emporium.
   231 | D        | Found Dugraor's Armour Shoppe.
   232 | D        | Found Ygicw's Antique Armour Shoppe.
   232 | D        | Found Kedueschi's Magic Scroll Emporium.
   233 | D        | Found Itraev Teal's Antique Weapon Shoppe.
   233 | D        | Found Dudwidao's Distillery.
   234 | D        | Found Bompaemm's Antique Armour Shoppe.
   234 | D        | Found Tupt's Jewellery Emporium.
   234 | D        | Noticed a water moccasin
   235 | D        | Found Iqaekauk's Distillery.
   235 | D        | Found Yceutitu's Antique Armour Emporium.
   237 | D        | Noticed a water moccasin
   237 | D        | Noticed a death yak
   252 | D        | Killed a water moccasin
   253 | D        | Reached skill level 5 in Fighting
   253 | D        | Reached skill level 10 in Long Blades
   253 | D        | Reached XP level 7. HP: 32/54 MP: 0/0
   253 | D        | Learned a level 3 spell: Stone Arrow
   329 | D        | Noticed a wyvern
   329 | D        | Noticed a wyvern
   336 | D        | Killed a wyvern
   337 | D        | Reached skill level 11 in Long Blades
   342 | D        | Killed a wyvern
   343 | D        | Reached XP level 8. HP: 54/61 MP: 0/0
   434 | D        | Reached skill level 12 in Long Blades
   434 | D        | Reached skill level 1 in Stealth
   586 | D        | Noticed a boulder beetle
   586 | D        | Noticed a boulder beetle
   596 | D        | Noticed an oklob plant
   597 | D        | Found Xichuc's Book Shoppe.
   619 | D        | Bought a potion of invisibility for 88 gold pieces
   619 | D        | Bought a potion of heal wounds for 55 gold pieces
   619 | D        | Bought a potion of heal wounds for 55 gold pieces
   619 | D        | Bought a potion of haste for 110 gold pieces
   619 | D        | Bought a potion of might for 44 gold pieces
   629 | D        | Bought a potion of invisibility for 80 gold pieces
   629 | D        | Bought 2 potions of haste for 200 gold pieces
   629 | D        | Bought a potion of berserk rage for 50 gold pieces
   629 | D        | Bought a potion of heal wounds for 50 gold pieces
   637 | D        | Bought a scorched ring mail for 234 gold pieces
   637 | D        | Identified the +0 ring mail of Divine Amelioration {rF-
                  | Str+9 SInv} (You bought it in a shop in the Dungeon)
   637 | D        | Bought a glowing scarf for 208 gold pieces
   644 | D        | Bought a shiny chain mail for 112 gold pieces
   706 | D        | Noticed a polar bear
   706 | D        | Noticed a polar bear
   707 | D        | Noticed a polar bear
   708 | D        | Noticed a yaktaur
   712 | D        | Noticed a hornet
   727 | D        | Slain by a polar bear

Illustrated notes

Levels and vault maps discovered:
D:        the_violet_keep_of_menkaure [sprint2_stairs_cluster_1,
          sprint2_shoproom, sprint2_temple, sprint2_basic_supplies,
          sprint2_obstacle_6, sprint2_obstacle_4, sprint2_obstacle_7,
          sprint2_obstacle_3, sprint2_obstacle_2, sprint2_timed_cluster_1,
          sprint2_smallroom_cluster_1, sprint2_smallroom_final_cluster_1,
          sprint2_transparent_cluster_1, sprint2_second_timed_cluster_1,
          sprint2_sniper_area_1, sprint2_heavy_combat_area_1,
          sprint2_mutation_trap_area_1, sprint2_forest_area_1,
          sprint2_light_combat_area_1, sprint2_behind_water_1,
          sprint2_near_end_vault_1]

Skill      XL: |  1  2  3  4  5  6  7  8 |
---------------+-------------------------+-----
Fighting       | 3 4 5 6 |  6.5
Long Blades    | 5 6 8 10 11 12 | 12.6
Throwing       | 2 |  2.3
Dodging        | 5 6 7 8 9 |  9.5
Armour         | 1 2 3 |  3.5
Stealth        | 1 |  1.1

Action                     |  1- 3 |  4- 6 |  7- 9 || total
---------------------------+-------+-------+-------++-------
  Melee: Long sword        |    11 |    52 |    67 ||   130
         Punch             |       |       |     1 ||     1
    Use: Potion            |     1 |     1 |     1 ||     3
 Armour: Leather armour    |     5 |    26 |    14 ||    45
         Chain mail        |       |       |    21 ||    21
  Dodge: Dodged            |     5 |    27 |    36 ||    68

Table legend: (Time is in decaauts)
 A = Elapsed time spent in this place.
 B = Non-inter-level travel time spent in this place.
 C = Inter-level travel time spent in this place.
 D = Time resting spent in this place.
 E = Time spent auto-exploring this place.
 F = Levels seen in this place.
 G = Mean time per level.
                   A        B        C        D        E       F      G
               +--------+--------+--------+--------+--------+-----+--------+
         Total |    704 |    704 |      0 |    336 |      0 |   1 |  704.0 |
       Dungeon |    704 |    704 |      0 |    336 |      0 |   1 |  704.0 |
               +--------+--------+--------+--------+--------+-----+--------+

Top non-repeatable levels by time:
       D: 704 daAuts
